 Dungeon Crawl Stone Soup version 0.30-a0-715-gdb4ae3ece1 (webtiles) character file.

Game seed: 8309103717741664165

24557 ragingrage the Martial Artist (level 13, -26/121 HPs)
             Began as a Merfolk Transmuter on Jan 23, 2023.
             Was a High Priest of Elyvilon.
             Annihilated by Rupert
             ... wielding a +6 battleaxe of flaming
              (32 damage)
             ... on level 3 of the Lair of Beasts.
             The game lasted 00:22:32 (16160 turns).

ragingrage the Martial Artist (Merfolk Transmuter) Turns: 16160, Time: 00:22:33

Health: -26/121    AC: 14    Str: 16    XL:     13   Next: 13%
Magic:  22/22      EV: 15    Int: 16    God:    Elyvilon [*****.]
Gold:   347        SH:  0    Dex: 16    Spells: 5/24 levels left

rFire   x . .      SeeInvis .      - Unarmed
rCold   + + +      Faith    .    (shield currently unavailable)
rNeg    . . .      Spirit   .    (body armour currently unavailable)
rPois   +          Reflect  .    (helmet currently unavailable)
rElec   .          Harm     .    (cloak currently unavailable)
rCorr   .          Rampage  .    (gloves currently unavailable)
Will    .....      Archmagi +    (boots currently unavailable)
Stlth   +++                      (no amulet)
HPRegen 0.40/turn                i - +6 ring of strength
MPRegen 0.18/turn                R - ring of the Mage {Wiz Archmagi}

@: about to teleport, ice-form
A: freezing attack, boosted hp, large, (nimble swimmer 2), (mertail)
a: End Transformation, Renounce Religion, Purification, Heal Other, Heal Self,
Divine Vigour


You were on level 3 of the Lair of Beasts.
You worshipped Elyvilon.
Elyvilon was extremely pleased with you.
You were a creature of crystalline ice.
You visited 3 branches of the dungeon, and saw 15 of its levels.

You collected 857 gold pieces.
You spent 510 gold pieces at shops.

Inventory:

Hand Weapons
 a - the +6 sling "Gukiha" {freeze, *Corrode Str+4}
   (You found it on level 3 of the Dungeon)

   Str:       It affects your strength (+4).
   *Corrode:  It may corrode you when you take damage.
 k - a +4 spear
 o - a +1 long sword of protection
 z - the +10 hand axe "Kifeon" {speed, Stlth+}
   (You found it on level 4 of the Dungeon)

   Stlth:     It makes you more stealthy.
Missiles
 j - 4 throwing nets
 s - 22 poisoned darts
 E - 3 atropa-tipped darts
 G - 8 curare-tipped darts
Armour
 y - the +1 helmet "Foelan" (melded) {Int+5}
   (You found it on level 4 of the Dungeon)

   Int:       It affects your intelligence (+5).
 K - a +2 robe of the Archmagi (melded)
 T - a +0 pair of gloves (melded)
 U - a +0 cloak (melded)
Jewellery
 i - a +6 ring of strength (left front paw)
 r - the ring of the Dragon {Wiz Will+ Stlth+}
   (You acquired it on level 1 of the Lair of Beasts)

   [ring of wizardry]

   It improves your spell success rate.
   Will:      It increases your willpower.
   Stlth:     It makes you more stealthy.
 x - a ring of ice
 D - a ring of fire
 M - a ring of fire
 Q - a ring of protection from cold
 R - the ring of the Mage (right front paw) {Wiz Archmagi}
   (You bought it in a shop on level 2 of the Dungeon)

   [ring of wizardry]

   It improves your spell success rate.
   Archmagi:  It increases the power of your magical spells.
 V - a ring of protection from cold
Wands
 q - a wand of digging (3)
 F - a wand of flame (28)
 H - a wand of roots (1)
 N - a wand of mindburst (12)
 Y - a wand of charming (4)
Scrolls
 b - 7 scrolls of teleportation
 c - 3 scrolls of noise
 f - 3 scrolls of fog
 g - a scroll of magic mapping
 h - 4 scrolls of enchant weapon
 l - a scroll of silence
 m - 2 scrolls of poison
 n - 2 scrolls of fear {unknown}
 t - 2 scrolls of amnesia
 B - 2 scrolls of brand weapon
 C - 2 scrolls of enchant armour
 J - 2 scrolls of identify
 P - a scroll of blinking {unknown}
 S - a scroll of torment {unknown}
Potions
 d - 2 potions of might
 e - 2 potions of cancellation
 p - 2 potions of invisibility
 u - 2 potions of attraction
 v - 2 potions of brilliance
 w - 2 potions of haste
 A - a potion of berserk rage {unknown}
 I - a potion of magic {unknown}
 L - 3 potions of heal wounds
 O - 3 potions of curing
 W - a potion of degeneration {unknown}
 X - a potion of resistance {unknown}


   Skills:
 - Level 9.0 Fighting
 - Level 10.0 Dodging
 - Level 6.0 Stealth
 + Level 13.4 Unarmed Combat
 - Level 6.0 Spellcasting
 + Level 12.3 Transmutations
 - Level 6.0 Ice Magic
 - Level 7.0 Invocations


You had 5 spell levels left.
You knew the following spells:

 Your Spells              Type           Power      Damage    Failure   Level
a - Ice Form              Ice/Tmut       50%        N/A       1%          4
b - Wereblood             Tmut           60%        N/A       1%          2
c - Beastly Appendage     Tmut           100%       N/A       1%          1
d - Blade Hands           Tmut           30%        N/A       1%          5
e - Dragon Form           Tmut           30%        N/A       28%         7

Your spell library contained the following spells:

 Spells                   Type           Power      Damage    Failure   Level
 Spider Form              Tmut/Pois      36%        N/A       1%          3
 Apportation              Tloc           14%        N/A       6%          1
 Foxfire                  Conj/Fire      28%        2x1d5     6%          1
 Necrotise                Necr           28%        1d5       6%          1
 Summon Small Mammal      Summ           28%        N/A       6%          1
 Sublimation of Blood     Necr           7%         N/A       9%          2
 Call Canine Familiar     Summ           7%         N/A       16%         3
 Portal Projectile        Hex/Tloc       14%        N/A       16%         3
 Summon Guardian Golem    Hex/Summ       7%         N/A       16%         3
 Tukima's Dance           Hex            7%         N/A       16%         3
 Cause Fear               Hex            3%         N/A       45%         4
 Fireball                 Conj/Fire      3%         3d4       80%         5
 Starburst                Conj/Fire      3%         6d3       100%        6
 Summon Hydra             Summ           3%         N/A       100%        7
 Dragon's Call            Summ           3%         N/A       100%        9


Dungeon Overview and Level Annotations

Branches:
Dungeon (11/15)            Temple (1/1) D:7            Lair (3/5) D:8
 Shoals (0/4) Lair:2        Snake (0/4) Lair:3          Orc (0/2) D:9

Altars:
Ashenzari
Cheibriados
Dithmenos
Elyvilon
Fedhas
Hepliaklqana
Kikubaaqudgha
Makhleb
Nemelex Xobeh
Okawaru
Ru
Sif Muna
Trog
Uskayaw
Vehumet
Xom
Yredelemnul
Zin
The Shining One

Shops:
D:2 =

Annotations:
D:4 Pikel
D:10 2 runed translucent doors
Lair:3 1 runed translucent door, Rupert


Innate Abilities, Weirdness & Mutations

You are a creature of crystalline ice.
You have a powerful freezing melee attack.
Your maximum health is increased.
Your armour is entirely melded.
You are incapable of wielding weapons or throwing items.
((You are very nimble when in or above water. (Stealth+, EV+, Speed+++)))
((Your lower body shifts to a powerful aquatic tail in water.))


Message History

The bullfrog hits you but does no damage.
Rupert hits you but does no damage. The bullfrog misses you.
Rupert hits you with a +6 battleaxe of flaming!!
Rupert melts you!!
The grasping roots constrict Rupert.
The grasping roots constrict the bullfrog!
The roots release their grip on Rupert.
The roots release their grip on the bullfrog.
The bullfrog hits you.
As you read the scroll of teleportation, it crumbles to dust.
You feel strangely unstable.
The bullfrog hits you but does no damage.
Rupert hits you with a +6 battleaxe of flaming!
* * * LOW HITPOINT WARNING * * *
Rupert melts you!
* * * LOW HITPOINT WARNING * * *
The bullfrog hits you.
* * * LOW HITPOINT WARNING * * *
Rupert hits you with a +6 battleaxe of flaming!
* * * LOW HITPOINT WARNING * * *
Rupert melts you! Elyvilon protects you from harm!
Unknown command.
Unknown command.
Unknown command.
Okay, then.
Okay, then.
You feel much better. The bullfrog barely misses you.
Rupert hits you with a +6 battleaxe of flaming!
* * * LOW HITPOINT WARNING * * *
Rupert melts you!
* * * LOW HITPOINT WARNING * * *
You feel much better. The bullfrog misses you.
Rupert hits you with a +6 battleaxe of flaming!!
* * * LOW HITPOINT WARNING * * *
Rupert melts you! Elyvilon protects you from harm! The bullfrog misses you.
Rupert hits you with a +6 battleaxe of flaming!!
You die...

## #.###.### ##
P..#..#.#####.#.
...............#
................
...............#
...............#
........Y......#
........F@.....#
...............#
##.........#.....##
#...~~~~~........#
##..≈###≈.......##
#...≈≈#≈~..##....#
#..~≈#≈~........#
#..~~~~~...#.....#


You could see Rupert (berserk) and a bullfrog.

Vanquished Creatures
  Kirke (Lair:3)
  Josephine (D:9)
  A hydra (Lair:3)
  2 two-headed ogres
  Nergalle (Lair:2)
  9 elephants (Lair:2)
  3 black mambas
  Joseph (D:7)
  3 cane toads
  5 komodo dragons
  Maggie (D:7)
  A troll (D:10)
  3 polar bears
  5 blink frogs (Lair:1)
  27 yaks
  Sigmund (D:3)
  A shadow (D:10)
  A vampire (D:9)
  2 wyverns
  4 wraiths
  4 hogs
  2 nagas (Lair:3)
  4 water moccasins
  6 orc warriors
  4 ice beasts
  2 black bears
  2 sky beasts
  12 wolves (Lair:2)
  An ogre (D:7)
  2 centaurs
  4 lemures (D:4)
  A kobold brigand (D:7)
  9 bullfrogs
  A gnoll sergeant (D:7)
  2 necrophages
  4 scorpions
  10 wights
  4 killer bees
  An electric eel (D:11)
  4 howler monkeys
  4 hounds
  2 jellies (D:5)
  10 orc priests
  10 orc wizards
  4 iguanas
  3 gnolls (D:7)
  5 adders
  A shadow imp (D:8)
  An ufetubus (D:5)
  4 dart slugs
  56 orcs
  9 ball pythons
  7 endoplasms
  A giant cockroach (D:3)
  4 goblins
  4 hobgoblins
  9 kobolds
  7 bats
  A frilled lizard (D:1)
  5 rats
299 creatures vanquished.

Vanquished Creatures (others)
  19 fungi
  37 plants
56 creatures vanquished.

Grand Total: 355 creatures vanquished

Notes
Turn   | Place    | Note
-------+----------+-------------------------------------------
     0 | D:1      | ragingrage the Merfolk Transmuter began the quest for the
                  | Orb.
     0 | D:1      | Reached XP level 1. HP: 15/15 MP: 3/3
   162 | D:1      | Reached XP level 2. HP: 21/21 MP: 5/5
   192 | D:1      | Learned a level 2 spell: Wereblood
   218 | D:1      | Found a faded altar of an unknown god.
   891 | D:2      | Reached XP level 3. HP: 26/26 MP: 6/6
  1084 | D:2      | Reached skill level 4 in Unarmed Combat
  1163 | D:2      | Found Ykhleaffa's Jewellery Emporium.
  2059 | D:3      | Reached XP level 4. HP: 24/32 MP: 3/7
  2289 | D:3      | Found a faded altar of an unknown god.
  2327 | D:3      | Noticed Sigmund
  2348 | D:3      | Killed Sigmund
  2349 | D:3      | Reached skill level 5 in Unarmed Combat
  2349 | D:3      | Reached XP level 5. HP: 32/37 MP: 8/8
  2349 | D:3      | Reached XP level 6. HP: 37/43 MP: 9/9
  2664 | D:3      | Identified the +6 sling "Gukiha" {freeze, *Corrode Str+4}
  2889 | D:4      | Learned a level 4 spell: Ice Form
  3128 | D:4      | Identified the +1 helmet "Foelan" {Int+5}
  3269 | D:4      | Identified the +10 hand axe "Kifeon" {speed, Stlth+}
  3356 | D:4      | Noticed Pikel
  3387 | D:5      | Entered Level 5 of the Dungeon
  3610 | D:5      | Reached skill level 1 in Ice Magic
  3731 | D:5      | Reached skill level 6 in Unarmed Combat
  3789 | D:5      | Reached XP level 7. HP: 48/48 MP: 6/10
  4918 | D:5      | Reached XP level 8. HP: 51/54 MP: 9/13
  5422 | D:6      | Reached skill level 7 in Unarmed Combat
  6500 | D:6      | Reached skill level 5 in Ice Magic
  6500 | D:6      | Reached XP level 9. HP: 59/59 MP: 4/15
  6510 | D:6      | Reached skill level 8 in Unarmed Combat
  6975 | D:7      | Noticed Maggie
  6985 | D:7      | Killed Maggie
  6986 | D:7      | Reached skill level 9 in Unarmed Combat
  6986 | D:7      | Reached skill level 10 in Transmutations
  7236 | D:7      | Found a staircase to the Ecumenical Temple.
  7263 | Temple   | Entered the Ecumenical Temple
  7303 | Temple   | Became a worshipper of Elyvilon the Healer
  7375 | D:7      | Reached skill level 1 in Invocations
  7700 | D:7      | Noticed Joseph
  7713 | D:7      | Killed Joseph
  7714 | D:7      | Reached skill level 10 in Unarmed Combat
  7903 | D:7      | Reached XP level 10. HP: 52/65 MP: 12/16
  8512 | D:7      | Reached skill level 5 in Invocations
  8589 | D:8      | Noticed a two-headed ogre
  8691 | D:8      | Reached * piety under Elyvilon
  8815 | D:8      | Killed a two-headed ogre
  8816 | D:8      | Reached skill level 11 in Unarmed Combat
  9021 | D:8      | Found a staircase to the Lair.
  9118 | D:8      | Reached skill level 12 in Unarmed Combat
  9259 | D:8      | Found a shimmering altar of Xom.
  9386 | D:9      | Found an ancient bone altar of Kikubaaqudgha.
  9844 | D:9      | Reached ** piety under Elyvilon
  9933 | D:9      | Reached skill level 1 in Stealth
 10310 | D:9      | Found a staircase to the Orcish Mines.
 10631 | D:10     | Entered Level 10 of the Dungeon
 10631 | D:10     | Noticed Josephine
 10642 | D:9      | Reached XP level 11. HP: 75/75 MP: 13/17
 10671 | D:9      | Killed Josephine
 10672 | D:9      | Reached skill level 5 in Dodging
 10868 | D:10     | Noticed a two-headed ogre
 10873 | D:10     | Killed a two-headed ogre
 11691 | D:10     | Found a large runed translucent door.
 11694 | D:10     | Found a large runed translucent door.
 11742 | D:10     | Reached *** piety under Elyvilon
 12248 | D:2      | Bought the ring of the Mage {Wiz Archmagi} for 510 gold
                  | pieces
 12248 | D:2      | Found the ring of the Mage {Wiz Archmagi}
 12412 | Lair:1   | Entered Level 1 of the Lair of Beasts
 12503 | Lair:1   | Reached skill level 5 in Fighting
 12529 | Lair:1   | Reached skill level 5 in Spellcasting
 12935 | Lair:1   | Learned a level 5 spell: Blade Hands
 13567 | Lair:1   | Identified 2 scrolls of acquirement
 13575 | Lair:1   | Acquired a book of the Dragon
 13577 | Lair:1   | Acquired the ring of the Dragon {Wiz Will+ Stlth+}
 13587 | Lair:1   | Learned a level 7 spell: Dragon Form
 13637 | Lair:2   | Reached XP level 12. HP: 58/87 MP: 15/19
 13860 | Lair:2   | Found a staircase to the Shoals.
 13936 | Lair:2   | Reached **** piety under Elyvilon
 14166 | Lair:2   | Reached skill level 5 in Stealth
 14360 | Lair:2   | Reached skill level 13 in Unarmed Combat
 15047 | Lair:3   | Noticed Kirke
 15063 | Lair:3   | Found a runed translucent gate.
 15110 | Lair:2   | HP: 2/91 [hog[Kirke] (11)]
 15380 | Lair:3   | Noticed a death yak
 15383 | Lair:3   | Noticed a death yak
 15383 | Lair:3   | Noticed Nergalle
 15397 | Lair:2   | Killed Nergalle
 15478 | Lair:3   | Killed Kirke
 15488 | Lair:3   | Reached XP level 13. HP: 78/98 MP: 18/22
 15625 | Lair:3   | Reached skill level 10 in Dodging
 15625 | Lair:3   | Found a staircase to the Snake Pit.
 16133 | Lair:3   | Reached ***** piety under Elyvilon
 16149 | Lair:3   | Noticed Rupert
 16158 | Lair:3   | Elyvilon protects you from harm!
 16159 | Lair:3   | HP: 5/121 [Rupert/+6 battleaxe of flaming (10)]
 16160 | Lair:3   | Elyvilon protects you from harm!
 16160 | Lair:3   | Annihilated by Rupert

Illustrated notes

Levels and vault maps discovered:
D:1:      giann_forest_graveyard, layout_loops_ring,
          hellmonk_ecumenical_altar_run_dry
D:2:      layout_loops_corners, serial_shops, nicolae_shop_advertising_works
          [nicolae_subvault_shop_adworks], chequers_serial_rivers_micro_c
D:3:      layout_basic, nicolae_overflow_ecumenical_swirl, uniq_sigmund
D:4:      layout_basic, uniq_pikel
D:5:      layout_cave_pools, minmay_pentangle
D:6:      cheibrodos_quashed, layout_basic
D:7:      layout_basic, minmay_temple_entry_junction, grunt_decor_arrowhead,
          kennysheep_generic_room_14, uniq_maggie, uniq_joseph
D:8:      layout_rooms, lemuel_round_altar, lair_entry_dummy
D:9:      layout_basic, mainiacjoe_overflow_brackets,
          minmay_orc_entry_temple_small, serial_park_tiny_pond
D:10:     layout_loops_corners, jmf_multi_god_temple2, special_room
          [special_room_orc], uniq_josephine
D:11:     minmay_klotski, layout_basic, gammafunk_ghost_split
Temple:   sentei_temple_godly_chess
Lair:1:   layout_roguey
Lair:2:   layout_roguey, shoals_dummy_entry
Lair:3:   nzn_winding_woodlands_stair_cross [nzn_winding_woodlands_5x15_garden,
          nzn_winding_woodlands_center_garden,
          nzn_winding_woodlands_5x15_sidewinder,
          nzn_winding_woodlands_5x5_perimeter,
          nzn_winding_woodlands_5x5_open_star,
          nzn_winding_woodlands_5x15_split_checker,
          nzn_winding_woodlands_center_pierced_h,
          nzn_winding_woodlands_5x15_crooked], layout_gridlike,
          guppyfry_snake_entry_garden, ebering_ghost_rock_garden, uniq_kirke,
          uniq_rupert, uniq_nergalle

Skill      XL: |  1  2  3  4  5  6  7  8  9 10 11 12 13 |
---------------+----------------------------------------+-----
Transmutations | 3 4 6 7 9 10 11 12 | 12.3
Unarmed Combat | 4 5 6 7 10 12 13 | 13.4
Ice Magic      | 1 3 5 6 |  6.0
Spellcasting   | 3 4 5 6 |  6.0
Invocations    | 4 5 6 7 |  7.0
Dodging        | 4 7 9 10 | 10.0
Fighting       | 3 5 8 9 |  9.0
Stealth        | 2 4 5 6 |  6.0

Action                     |  1- 3 |  4- 6 |  7- 9 | 10-12 | 13-15 || total
---------------------------+-------+-------+-------+-------+-------++-------
  Melee: Unarmed           |   123 |   136 |   231 |   439 |    32 ||   961
         Headbutt          |     4 |    18 |    17 |       |       ||    39
         Punch             |     2 |     3 |     3 |       |       ||     8
   Fire: Sling             |       |     4 |       |       |       ||     4
  Throw: Dart              |       |     1 |     3 |     1 |       ||     5
   Cast: Beastly Appendage |    20 |    12 |    14 |     1 |     1 ||    48
         Wereblood         |    13 |    10 |    27 |    40 |     5 ||    95
         Ice Form          |       |       |    21 |    44 |     5 ||    70
         Blade Hands       |       |       |       |     1 |       ||     1
 Invoke: Heal Self         |       |       |       |     3 |       ||     3
         Heal Other        |       |       |       |     1 |       ||     1
  Evoke: Wand              |       |       |       |     3 |     1 ||     4
    Use: Potion            |     1 |     2 |     2 |     1 |     2 ||     8
         Scroll            |       |       |     1 |    17 |     1 ||    19
   Stab: Sleeping          |     2 |       |       |     4 |       ||     6
         Invisible         |       |     2 |     1 |       |       ||     3
 Armour: Robe              |    33 |    10 |    12 |       |       ||    55
         Skin              |     3 |     5 |    69 |   130 |    10 ||   217
  Dodge: Dodged            |    81 |    71 |   133 |   250 |    22 ||   557

Table legend: (Time is in decaauts)
 A = Elapsed time spent in this place.
 B = Non-inter-level travel time spent in this place.
 C = Inter-level travel time spent in this place.
 D = Time resting spent in this place.
 E = Time spent auto-exploring this place.
 F = Levels seen in this place.
 G = Mean time per level.
                   A        B        C        D        E       F      G
               +--------+--------+--------+--------+--------+-----+--------+
         Total |  16038 |  14844 |   1194 |   2801 |   9288 |  15 | 1069.2 |
       Dungeon |  12301 |  11323 |    978 |   2019 |   7270 |  11 | 1118.3 |
        Temple |     43 |     43 |      0 |      0 |      2 |   1 |   43.0 |
          Lair |   3694 |   3479 |    215 |    781 |   2016 |   3 | 1231.3 |
               +--------+--------+--------+--------+--------+-----+--------+

Top non-repeatable levels by time:
     D:5: 1803 daAuts
     D:6: 1678 daAuts
     D:7: 1658 daAuts
  Lair:2: 1498 daAuts
  Lair:1: 1322 daAuts
    D:10: 1277 daAuts
     D:2: 1128 daAuts
     D:9: 1125 daAuts
     D:3: 1035 daAuts
     D:8: 1013 daAuts
  Lair:3: 873 daAuts
     D:1: 799 daAuts
     D:4: 725 daAuts
    D:11: 54 daAuts
  Temple: 43 daAuts
